 Dungeon Crawl Stone Soup version 0.26-a0-858-gbf766624f9 (webtiles) character file.

Game seed: 12294701822400186452

277 pablito the Caller (level 6, 0/41 HPs)
             Began as a Barachi Summoner on Nov 24, 2020.
             Was a Follower of Sif Muna.
             Slain by an orc warrior
             ... wielding a +2 vorpal long sword
              (3 damage)
             ... on level 6 of the Dungeon.
             The game lasted 00:27:35 (5042 turns).

pablito the Caller (Barachi Summoner)               Turns: 5042, Time: 00:27:35

Health: 0/41       AC: 15    Str: 10    XL:     6   Next: 26%
Magic:  6/11       EV: 12    Int: 16    God:    Sif Muna [*.....]
Gold:   127        SH:  0    Dex: 13    Spells: 9/12 levels left

rFire    . . .     SeeInvis .   r - +1 long sword
rCold    . . .     Faith    .   (no shield)
rNeg     + . .     Spirit   .   h - +0 pearl dragon scales
rPois    .         Reflect  .   (no helmet)
rElec    .         Harm     .   (no cloak)
rCorr    .         Rampage  .   (no gloves)
MR       .....                  (no boots)
Stlth    ..........             (no amulet)
HPRegen  0.13/turn              i - +4 ring of evasion
MPRegen  0.12/turn              s - +4 ring of protection

@: can't hop, slow
A: +LOS, swims, slowness 1, strong legs 1
a: Hop, Channel Magic, Renounce Religion


You were on level 6 of the Dungeon.
You worshipped Sif Muna.
Sif Muna was aware of your devotion.
You visited 1 branch of the dungeon, and saw 5 of its levels.

You collected 127 gold pieces.

Inventory:

Hand Weapons
 r - a +1 long sword (weapon)
Missiles
 f - 6 poisoned darts (quivered)
Armour
 a - a +0 robe
 h - +0 pearl dragon scales (worn)
 k - a +0 buckler
 n - a +0 kite shield
Magical Staves
 b - an uncursed staff of poison
Jewellery
 i - a +4 ring of evasion (left hand)
 s - a +4 ring of protection (right hand)
 x - an uncursed ring of fire
Wands
 g - a wand of flame (23)
Scrolls
 c - 7 scrolls of identify
 d - a scroll of random uselessness
 e - 3 scrolls of remove curse
 j - a scroll of teleportation {unknown}
 o - a scroll of enchant weapon
 p - a scroll of noise
 q - a scroll of amnesia {unknown}
 t - a scroll of immolation {unknown}
 u - a scroll of fear {unknown}
 v - a scroll of blinking {unknown}
Potions
 l - a potion of haste {unknown}
 m - a potion of cancellation {unknown}


   Skills:
 + Level 2.1 Long Blades
 + Level 2.6 Armour
 - Level 2.1 Dodging
 - Level 1.7 Stealth
 + Level 2.2 Shields
 + Level 3.8 Spellcasting
 + Level 6.2 Summonings


You had 9 spell levels left.
You knew the following spells:

 Your Spells              Type           Power        Failure   Level
a - Summon Small Mammal   Summ           ###.         13%         1
b - Call Imp              Summ           ###.....     19%         2

Your spell library contained the following spells:

 Spells                   Type           Power        Failure   Level
 Call Canine Familiar     Summ           ###.....     36%         3
 Summon Guardian Golem    Hex/Summ       ##......     80%         3
 Summon Ice Beast         Ice/Summ       ##......     99%         4
 Summon Lightning Spire   Summ/Air       ##......     99%         4


Dungeon Overview and Level Annotations

Branches:
Dungeon (4/15)             Temple (0/1) D:4

Altars:
Cheibriados
Fedhas
Kikubaaqudgha
Qazlal
Sif Muna

Annotations:
D:6 Menkaure, Prince Ribbit


Innate Abilities, Weirdness & Mutations

You can be seen from farther away. (+LOS)
You can swim through water.
You cover ground slowly.
You can hop short distances.


Message History

As you read the scroll labelled GUBIVI VOGIXUYS, it crumbles to dust.
It is a scroll of enchant weapon.
Your +0 long sword glows red for a moment.
The orc hits you but does no damage. The orc warrior closely misses you.
You riposte.
You closely miss the orc warrior.
The orc warrior is severely wounded.
The ufetubus barely misses you. x2; The orc barely misses you.
You riposte.
You slash the orc!
You kill the orc!
Sif Muna accepts your kill.
As you read the scroll labelled REQICS RUST, it crumbles to dust.
You hear a loud clanging noise!
It was a scroll of noise.
You hear a shout!
You hear an angry hiss.
Prince Ribbit disappears!
The ufetubus hits you but does no damage. x2
The orc closely misses you.
The orc warrior hits you with a +2 vorpal long sword!
* * * LOW HITPOINT WARNING * * *
You die...

....#.PP#.............
....#P_P# ............
..F.#P$.## ...........
....##...###........
.....#P.P##.....#
................##
..........?.5..o.#
......#P.P#.ยง..M###.#
##....#..P##...o@o..#
#..####.PP#.....5.$...#
#.# #._.#...........#
#. #P..#....#.....## ..
#####....#...### ...
..........#
............ ##......
..?.. ....... ##.#.#


You could see an orc warrior, Menkaure (fast), 2 orcs, an ufetubus and a
friendly crimson imp (summoned).

Vanquished Creatures
  Sigmund (D:3)
  A scorpion (D:4)
  2 orc priests (D:4)
  2 adders
  2 dart slugs
  2 orcs
  A giant cockroach (D:1)
  A hobgoblin (D:3)
  A quokka (D:3)
  2 bats (D:2)
  A kobold (D:1)
16 creatures vanquished.

Vanquished Creatures (collateral kills)
  2 orc wizards (D:4)
  4 adders
  2 dart slugs
  A leopard gecko (D:2)
  6 orcs
  2 giant cockroaches
  A goblin (D:2)
  9 hobgoblins
  6 jackals (D:2)
  9 kobolds
  A quokka (D:2)
  2 ball pythons
  7 bats
  5 frilled lizards
  8 rats
65 creatures vanquished.

Grand Total: 81 creatures vanquished

Notes
Turn   | Place    | Note
-------+----------+-------------------------------------------
     0 | D:1      | pablito the Barachi Summoner began the quest for the Orb.
     0 | D:1      | Reached XP level 1. HP: 13/13 MP: 3/3
   280 | D:1      | Reached skill level 5 in Summonings
   463 | D:1      | Reached XP level 2. HP: 11/19 MP: 2/5
  1572 | D:2      | Reached XP level 3. HP: 17/24 MP: 0/7
  2544 | D:2      | Found a shimmering blue altar of Sif Muna.
  2545 | D:2      | Found a snail-covered altar of Cheibriados.
  2559 | D:2      | Became a worshipper of Sif Muna the Loreminder
  2703 | D:2      | Found a stormy altar of Qazlal.
  2854 | D:2      | Learned a level 2 spell: Call Imp
  3205 | D:3      | Reached XP level 4. HP: 30/30 MP: 4/8
  3434 | D:3      | Reached skill level 1 in Armour
  3434 | D:3      | Reached skill level 1 in Shields
  3592 | D:3      | Noticed Sigmund
  3701 | D:3      | Killed Sigmund
  3702 | D:3      | Reached skill level 1 in Long Blades
  3702 | D:3      | Reached XP level 5. HP: 31/35 MP: 1/10
  4328 | D:4      | Reached * piety under Sif Muna
  4337 | D:4      | Reached skill level 6 in Summonings
  4641 | D:4      | Reached XP level 6. HP: 41/41 MP: 7/11
  4792 | D:4      | Found a staircase to the Ecumenical Temple.
  5019 | D:4      | You fall into a shaft and drop 2 floors!
  5019 | D:6      | Noticed Prince Ribbit
  5020 | D:6      | Found a blossoming altar of Fedhas.
  5020 | D:6      | Found an ancient bone altar of Kikubaaqudgha.
  5027 | D:6      | Noticed an orc warrior
  5030 | D:6      | Noticed Menkaure
  5042 | D:6      | HP: 3/41 [orc warrior/+2 vorpal long sword (12)]
  5042 | D:6      | Slain by an orc warrior

Illustrated notes

Levels and vault maps discovered:
D:1:      minmay_arrival_wavy_path, layout_basic
D:2:      layout_loops_ring, gammafunk_temple_overflow_statue,
          nicolae_qazlal_eye_of_the_storm
D:3:      layout_loops_ring, chequers_serial_rivers_large_b, uniq_sigmund
D:4:      layout_basic, minmay_temple_entry_mini_moons,
          cheibrodos_ashenzari_chains, uniq_eustachio
D:6:      layout_cave_pools, grunt_temple_overflow_growth_and_decay,
          nicolae_overflow_hidden_temple, overflow_temple_1_default,
          chequers_serial_rivers_small_b, uniq_menkaure, uniq_prince_ribbit1,
          uniq_crazy_yiuf_cottage

Skill      XL: |  1  2  3  4  5  6 |
---------------+-------------------+-----
Summonings     | 5 6 |  6.2
Spellcasting   | 3 |  3.8
Armour         | 1 2 |  2.6
Shields        | 1 2 |  2.2
Long Blades    | 1 2 |  2.1
Dodging        | |  2.1
Stealth        | |  1.7

Action                   |  1- 3 |  4- 6 || total
-------------------------+-------+-------++-------
Melee: Unarmed           |    70 |    11 ||    81
       Long sword        |       |    41 ||    41
 Cast: Summon Small Mamm |   108 |    32 ||   140
       Call Imp          |       |    11 ||    11
 Abil: Hop               |       |     2 ||     2
  Use: Potion            |       |     6 ||     6
       Scroll            |       |     5 ||     5
 Stab: Distracted        |       |     1 ||     1
Armor: Robe              |    13 |       ||    13
       Pearl dragon scal |    53 |    43 ||    96
Dodge: Dodged            |    92 |    71 ||   163
       Rpst.: Long sword |       |    16 ||    16

Table legend: (Time is in decaauts)
 A = Elapsed time spent in this place.
 B = Non-inter-level travel time spent in this place.
 C = Inter-level travel time spent in this place.
 D = Time resting spent in this place.
 E = Time spent auto-exploring this place.
 F = Levels seen in this place.
 G = Mean time per level.
                   A        B        C        D        E       F      G
               +--------+--------+--------+--------+--------+-----+--------+
         Total |   5525 |   5456 |     69 |    429 |   3950 |   5 | 1105.0 |
       Dungeon |   5525 |   5456 |     69 |    429 |   3950 |   5 | 1105.0 |
               +--------+--------+--------+--------+--------+-----+--------+

Top non-repeatable levels by time:
     D:3: 1746 daAuts
     D:1: 1679 daAuts
     D:2: 1603 daAuts
     D:4: 472 daAuts
     D:6: 25 daAuts
